 Dungeon Crawl Stone Soup version 0.31-a0-149-g3fdcc5976a (webtiles) character file.

Game seed: 6221115079813818729

1934 qw the Skirmisher (level 8, -3/73 HPs)
             Began as a Minotaur Hunter on June 7, 2023.
             Was a Follower of Okawaru.
             Engulfed by a cloud of steam (19 damage)
             ... on level 6 of the Dungeon.
             The game lasted 00:01:38 (4020 turns).

qw the Skirmisher (Minotaur Hunter)                 Turns: 4020, Time: 00:01:38

Health: -3/73      AC:  9    Str: 28    XL:     8   Next: 97%
Magic:  7/7        EV: 15    Int:  5    God:    Okawaru [*.....]
Gold:   303        SH:  0    Dex: 24    Spells: 7/7 levels left

rFire   x x .        n - +8 sling of Zosak {flame, Str+4}
rCold   + . .        (no shield)
rNeg    . . .        p - +3 ring mail {rPois}
rPois   +            (helmet restricted)
rElec   .            b - +0 cloak
rCorr   .            (no gloves)
SInv    .            (no boots)
Will    .....        c - amulet "Zaaricec" {Faith rF- Regen+ Str+4 Dex+3}
Stlth   +            q - ring of ice
HPRegen 1.12/turn    a - +6 ring of strength
MPRegen 0.10/turn

%: clarity, faith
@: about to teleport
A: horns 2, retaliatory headbutt, agile 1, clarity, sense surroundings 1
a: Renounce Religion, Heroism


You were on level 6 of the Dungeon.
You worshipped Okawaru.
Okawaru was aware of your devotion.
You visited 2 branches of the dungeon, and saw 7 of its levels.
You visited the Abyss 1 time.
You also visited: Ossuary.

You collected 387 gold pieces.
You spent 84 gold pieces at shops.


Innate Abilities, Weirdness & Mutations

You have a pair of horns on your head.
You reflexively headbutt those who attack you in melee.
You are agile. (Dex +4, Str/Int -1)
You possess an exceptional clarity of mind.
You passively map a small area around you.


   Skills:
 - Level 7.4 Fighting
 + Level 10.5 Ranged Weapons
 - Level 3.0 Armour
 - Level 5.0 Dodging
 - Level 0.7 Stealth
 + Level 0.0 Invocations


You had 7 spell levels left.
You didn't know any spells.
Your spell library was empty.

Inventory:

Hand Weapons
 n - the +8 sling of Zosak (weapon) {flame, Str+4}
   (You found it on level 3 of the Dungeon)

   Str:       It affects your strength (+4).
Armour
 b - a +0 cloak (worn)
 p - a +3 ring mail of poison resistance (worn)
Jewellery
 a - a +6 ring of strength (right hand)
 c - the amulet "Zaaricec" (around neck) {Faith rF- Regen+ Str+4 Dex+3}
   (You found it on level 4 of the Dungeon)

   [amulet of faith]

   It allows you to gain divine favour quickly.
   Str:       It affects your strength (+4).
   Dex:       It affects your dexterity (+3).
   rF:        It makes you vulnerable to fire.
   Regen:     It increases your rate of health regeneration.
 i - a ring of poison resistance
 q - a ring of ice (left hand)
Scrolls
 j - 2 scrolls of teleportation
 Y - a scroll of identify
Potions
 d - a potion of mutation
 e - a potion of haste
 f - 2 potions of might
 g - 6 potions of curing
 m - a potion of enlightenment {unknown}
 o - a potion of berserk rage {unknown}

Dungeon Overview and Level Annotations

Branches:
Dungeon (6/15)             Temple (1/1) D:6         Ossuary (visited)

Altars:
Ashenzari
Cheibriados
Dithmenos
Elyvilon
Fedhas
Gozag
Hepliaklqana
Kikubaaqudgha
Makhleb
Nemelex Xobeh
Okawaru
Ru
Sif Muna
Trog
Uskayaw
Vehumet
Wu Jian
Xom
Yredelemnul
Zin
The Shining One

Shops:
D:2 (   D:3 !

Annotations:
D:5 3 runed translucent doors, qw's ghost, novice GrFi


Message History

Enter note:
Enter note:
Enter note: You shoot a sling bullet.
The sling bullet barely misses the gnoll.
The sling bullet hits the orc!
The sling bullet burns the orc.
You kill the orc!
Okawaru accepts your kill. The gnoll hits you but does no damage.
You shoot a sling bullet. The sling bullet hits the gnoll!
The sling bullet burns the gnoll.
You kill the gnoll!
Okawaru accepts your kill.
You shoot a sling bullet. The sling bullet hits the steam dragon!
The sling bullet burns the steam dragon.
The steam dragon is heavily wounded.
The steam dragon breathes steam at you. The ball of steam hits you!!
The steam scalds you terribly!
You hear a shout!
You shoot a sling bullet.
The sling bullet closely misses the steam dragon.
You are engulfed in a cloud of scalding steam.
The steam dragon barely misses you.
The steam dragon claws you but does no damage.
You shoot a sling bullet. The sling bullet hits the steam dragon!
The sling bullet burns the steam dragon.
The steam dragon is almost dead.
You are engulfed in a cloud of scalding steam.
The steam dragon bites you. The steam dragon closely misses you.
You shoot a sling bullet. The sling bullet hits the steam dragon!
The sling bullet burns the steam dragon.
You kill the steam dragon!
Okawaru accepts your kill.
You can now gain great but temporary skills.
You are engulfed in a cloud of scalding steam.
4020 ||| READING 3 scrolls of teleportation.
As you read the scroll of teleportation, it crumbles to dust.
You feel strangely unstable.
You are engulfed in a cloud of scalding steam.
You die...

##....###.###...#####
..................... ,
##....###..#####.####
......# #.##...##.. ,,
......# #.#.....#.## *
...######.#[....# . **
...#####..#:....#,###,,
*
.....#....##...'###[##,
,
...#.#.##..#)###@)...#
,
####...##.#..##h###.##
, , #####..##.#.##).*
###, .....>......#)=. ,
, , ,, ....#####.#.#...
, ###.# #.#.##)$ , #.#
#....### ,,
#########..., ,
##...#...##..


You could see a black bear.

Vanquished Creatures
  A smoke demon (Abyss:1)
  Sigmund (D:2)
  A steam dragon (D:6)
  Duvessa (D:5)
  An ice beast (D:6)
  An ogre (D:5)
  An elf zombie (Ossuary)
  A bullfrog (D:6)
  4 scorpions
  A wight (D:6)
  Dowan (D:5)
  2 hounds (D:6)
  A jelly (D:5)
  4 human zombies (Ossuary)
  3 iguanas
  2 orc wizards (D:5)
  3 hound zombies (Ossuary)
  3 mummies (Ossuary)
  6 adders
  A gnoll (D:6)
  A white imp (D:5)
  2 ufetubi
  2 adder zombies (Ossuary)
  A worm (D:3)
  A dart slug (D:2)
  7 orcs
  5 bats
  8 endoplasms
  2 giant cockroaches (D:2)
  5 goblins
  6 hobgoblins
  8 jackals
  A quokka (D:1)
  9 ball pythons
  4 frilled lizards
  A gnoll zombie (Ossuary)
  3 goblin zombies (Ossuary)
  2 hobgoblin zombies (Ossuary)
  3 jackal zombies (Ossuary)
  5 kobolds
  5 kobold zombies (Ossuary)
  4 quokka zombies (Ossuary)
  4 rats
  2 rat zombies (Ossuary)
130 creatures vanquished.

Notes
Turn   | Place    | Note
-------+----------+-------------------------------------------
     0 | D:1      | qw the Minotaur Hunter began the quest for the Orb.
     0 | D:1      | Reached XP level 1. HP: 18/18 MP: 0/0
     0 | D:1      | 0 ||| qw: Version: 0.2-a-117-gc6b5c8b
     0 | D:1      | 0 ||| qw: Game counter: 2611
     0 | D:1      | 0 ||| qw: Always use a shield: true
     0 | D:1      | 0 ||| qw: God list: Okawaru
     0 | D:1      | 0 ||| qw: Allow faded altars: false
     0 | D:1      | 0 ||| qw: Do Orc after D:15 true
     0 | D:1      | 0 ||| qw: Do second Lair branch before Depths: true
     0 | D:1      | 0 ||| qw: Lair rune preference: random
     0 | D:1      | 0 ||| qw: Plans: Normal
     0 | D:1      | 0 ||| PLANNING D:1-11
   109 | D:1      | Reached XP level 2. HP: 25/25 MP: 1/1
   177 | D:1      | Reached skill level 5 in Ranged Weapons
   465 | D:1      | Reached skill level 3 in Fighting
   618 | D:1      | 618 ||| READING scroll labelled ACUOTHR EPSE.
   619 | D:1      | 619 ||| READING scroll labelled GOUCOCS ROMIHIN.
   619 | D:1      | Identified a scroll of acquirement
   619 | D:1      | 619 ||| ACQUIRING +4 sling of freezing
   619 | D:1      | Acquired a +4 sling of freezing
   621 | D:1      | 621 ||| SWAPPING to +4 sling of freezing.
   622 | D:1      | 622 ||| DROPPING +1 shortbow.
   623 | D:1      | 623 ||| READING scroll labelled HUKUNI DAZXID.
   624 | D:1      | 624 ||| DRINKING 2 ruby potions.
   625 | D:1      | 625 ||| DROPPING scroll of butterflies.
   626 | D:1      | 626 ||| DROPPING potion of brilliance.
   723 | D:2      | Noticed Sigmund
   728 | D:2      | Killed Sigmund
   729 | D:2      | Reached skill level 7 in Ranged Weapons
   729 | D:2      | Reached XP level 3. HP: 31/31 MP: 2/2
   729 | D:2      | Reached XP level 4. HP: 38/38 MP: 3/3
   729 | D:2      | Reached XP level 5. HP: 45/45 MP: 4/4
   958 | D:2      | Found Ivvum's Weapon Emporium.
  1038 | D:2      | 1038 ||| UPGRADING to +0 ring mail.
  1048 | D:2      | 1048 ||| DROPPING +0 leather armour.
  1049 | D:2      | 1049 ||| UPGRADING to ring of poison resistance.
  1050 | D:2      | 1050 ||| READING 3 scrolls labelled TOXITTOJIOLL.
  1151 | D:2      | 1151 ||| DROPPING 2 scrolls of silence.
  1201 | D:3      | Reached XP level 6. HP: 52/52 MP: 5/5
  1257 | D:3      | Reached skill level 1 in Armour
  1338 | D:3      | Found Zonoudeq's Distillery.
  1341 | D:3      | 1341 ||| BUYING potion of curing (42 gold).
  1341 | D:3      | Bought a potion of curing for 42 gold pieces
  1341 | D:3      | 1341 ||| BUYING potion of curing (42 gold).
  1341 | D:3      | Bought a potion of curing for 42 gold pieces
  1341 | D:3      | 1341 ||| SHOPLISTING potion of curing (42 gold, have 38).
  1341 | D:3      | 1341 ||| SHOPLISTING potion of haste (140 gold, have 38).
  1341 | D:3      | 1341 ||| SHOPLISTING potion of might (56 gold, have 38).
  1649 | D:3      | Identified the +8 sling of Zosak {flame, Str+4}
  1651 | D:3      | 1651 ||| SWAPPING to +8 sling of Zosak {flame, Str+4}.
  1652 | D:3      | 1652 ||| DROPPING +4 sling of freezing.
  1807 | D:3      | 1807 ||| READING scroll labelled GEHAGE AMACVUCK.
  1808 | D:3      | 1808 ||| READING scroll labelled BICSEU KINAI.
  1811 | D:3      | 1811 ||| READING scroll labelled ISOTHR ZILUEKAN.
  1812 | D:3      | 1812 ||| READING scroll labelled NONWIO SOINALI.
  1813 | D:3      | 1813 ||| READING scroll labelled YGAJEU QERGHUENO.
  1814 | D:3      | 1814 ||| DRINKING 2 viscous puce potions.
  1814 | D:3      | Gained mutation: You are dopey. (Int -2) [potion of
                  | mutation]
  1814 | D:3      | Gained mutation: You passively map a small area around you.
                  | [potion of mutation]
  1814 | D:3      | Lost mutation: You are dopey. (Int -2) [potion of mutation]
  1814 | D:3      | Gained mutation: You have hidden genetic potential. [potion
                  | of mutation]
  1815 | D:3      | 1815 ||| DRINKING 2 fizzy puce potions.
  1904 | D:4      | Identified the amulet "Zaaricec" {Faith rF- Regen+ Str+4
                  | Dex+3}
  1918 | D:4      | Reached skill level 8 in Ranged Weapons
  1975 | D:4      | Found a glowing golden altar of the Shining One.
  2014 | D:4      | Found a shimmering blue altar of Sif Muna.
  2225 | D:4      | Found a shimmering altar of Xom.
  2306 | D:4      | 2306 ||| UPGRADING to amulet "Zaaricec" {Faith rF- Regen+
                  | Str+4 Dex+3}.
  2311 | D:4      | 2311 ||| UPGRADING to +6 ring of strength.
  2312 | D:4      | 2312 ||| READING 3 scrolls labelled OGUPOYD FYKYDE.
  2313 | D:4      | 2313 ||| DROPPING 2 scrolls of immolation.
  2334 | D:5      | Entered Level 5 of the Dungeon
  2335 | D:5      | 2335 ||| PLANNING OSSUARY
  2343 | D:5      | Reached XP level 7. HP: 59/60 MP: 6/6
  2510 | D:5      | Found a sand-covered staircase.
  2516 | Ossuary  | Entered an ossuary
  2545 | Ossuary  | Reached skill level 3 in Dodging
  2546 | Ossuary  | Gained mutation: You are agile. (Dex +4, Str/Int -1)
                  | [hidden potential]
  2753 | Ossuary  | 2753 ||| READING 2 scrolls labelled TYPICH URUSI.
  2770 | D:5      | 2770 ||| PLANNING D:1-11
  2864 | D:5      | Found a runed translucent gate.
  2865 | D:5      | Found a runed translucent gate.
  2865 | D:5      | Identified the +6 plate armour "Licroli" {rPois rCorr}
  2865 | D:5      | Noticed qw's ghost (novice GrFi)
  2866 | D:5      | Found a runed translucent gate.
  2868 | D:5      | Identified the +1 hand axe of Peujoic {freeze, Str-4 Int+7}
  2868 | D:5      | Identified the +0 chain mail "Kuotock" {Int+8}
  2894 | D:5      | Reached skill level 9 in Ranged Weapons
  3135 | D:5      | Noticed Duvessa
  3138 | D:5      | Noticed Dowan
  3143 | Abyss:1  | Cast into level 1 of the Abyss (Duvessa)
  3182 | Abyss:1  | Noticed a smoke demon
  3187 | Abyss:1  | Noticed a hellwing
  3188 | Abyss:1  | Killed a smoke demon
  3189 | Abyss:1  | Reached XP level 8. HP: 64/73 MP: 7/7
  3191 | D:5      | Escaped the Abyss
  3195 | D:5      | Killed Duvessa
  3196 | D:5      | Reached skill level 3 in Armour
  3197 | D:5      | Killed Dowan
  3208 | D:5      | Gained mutation: You possess an exceptional clarity of
                  | mind. [hidden potential]
  3208 | D:5      | Lost mutation: You have hidden genetic potential. [hidden
                  | potential expressed]
  3363 | D:5      | 3363 ||| UPGRADING to +3 ring mail of poison resistance.
  3373 | D:5      | 3373 ||| REMOVING ring of poison resistance.
  3374 | D:5      | 3374 ||| DROPPING +0 ring mail.
  3375 | D:5      | 3375 ||| UPGRADING to ring of ice.
  3376 | D:5      | 3376 ||| DRINKING 3 smoky puce potions.
  3422 | D:5      | 3422 ||| READING 2 scrolls of identify.
  3422 | D:5      | 3422 ||| IDENTIFYING fizzy amethyst potion
  3423 | D:5      | 3423 ||| DROPPING 2 potions of lignification.
  3498 | D:6      | Found a shadowy altar of Dithmenos.
  3690 | D:6      | Found a staircase to the Ecumenical Temple.
  3691 | D:6      | 3691 ||| PLANNING TEMPLE
  3691 | D:6      | 3691 ||| UPGRADING to +0 cloak.
  3696 | D:6      | 3696 ||| DRINKING 2 murky golden potions.
  3697 | D:6      | 3697 ||| DRINKING 6 potions of curing.
  3697 | D:6      | 3697 ||| (to cure confusion)
  3698 | D:6      | 3698 ||| READING 2 scrolls of identify.
  3698 | D:6      | 3698 ||| IDENTIFYING fizzy yellow potion
  3699 | D:6      | 3699 ||| DROPPING potion of attraction.
  3700 | D:6      | 3700 ||| DROPPING potion of ambrosia.
  3709 | Temple   | Entered the Ecumenical Temple
  3830 | Temple   | 3830 ||| PLANNING OKAWARU WORSHIP
  3837 | Temple   | Became a worshipper of Warmaster Okawaru
  3837 | Temple   | 3837 ||| PLANNING D:1-11
  3933 | D:6      | Reached skill level 10 in Ranged Weapons
  4019 | D:6      | Reached * piety under Okawaru
  4019 | D:6      | HP: 15/73 [something (14)]
  4020 | D:6      | 4020 ||| READING 3 scrolls of teleportation.
  4020 | D:6      | Engulfed by a cloud of steam

Levels and vault maps discovered:
D:1:      spicycebolla_arrival_clurvy, layout_basic
D:2:      layout_rooms, serial_shops, nicolae_shop_tiny_waterfront, uniq_sigmund
D:3:      layout_loops_ring, serial_shops, nicolae_shop_tiny_real_fake_doors,
          corexii_hall_statues_l
D:4:      layout_basic, mainiacjoe_overflow_boulevard, kennysheep_little_box,
          nicolae_sif_muna_condensation
D:5:      layout_basic, biasface_ghost_orc_armoury, enter_ossuary_2,
          uniq_duvessa
D:6:      layout_basic, marbit_many_paths, minmay_temple_entry_antechambers,
          hangedman_abyss_or_decor_passed, minmay_joined_circles, uniq_maggie
Temple:   minmay_crystal_spiral_temple

Skill      XL: |  1  2  3  4  5  6  7  8 |
---------------+-------------------------+-----
Ranged Weapons | 7 8 9 10 | 10.5
Fighting       | 3 4 7 |  7.4
Armour         | 1 3 |  3.0
Dodging        | 4 5 |  5.0
Stealth        | |  0.7

Action                     |  1- 3 |  4- 6 |  7- 9 || total
---------------------------+-------+-------+-------++-------
   Fire: Shortbow          |    45 |       |       ||    45
         Sling             |    13 |    79 |   147 ||   239
    Use: Scroll            |     3 |     7 |     4 ||    14
         Potion            |     1 |     2 |     3 ||     6
 Armour: Leather armour    |     6 |     1 |       ||     7
         Ring mail         |       |     8 |    10 ||    18
  Dodge: Dodged            |    10 |     8 |    31 ||    49

Table legend:
 A = Non-vault XP
 B = Vault XP
 C = Vault XP percentage of total XP
 D = Non-vault monster count
 E = Vault monster count
 F = Vault count percentage of total count
                 A         B        C        D         E       F
            +---------+---------+-------+---------+---------+-------
      Total |    1435 |    1329 |  48.1 |      81 |      49 |  37.7
            +---------+---------+-------+---------+---------+-------
        D:1 |      31 |       0 |   0.0 |      19 |       0 |   0.0
        D:2 |     111 |     231 |  67.5 |      14 |       1 |   6.7
        D:3 |      79 |       0 |   0.0 |      18 |       0 |   0.0
        D:4 |     268 |       0 |   0.0 |      11 |       0 |   0.0
        D:5 |     331 |     207 |  38.5 |      16 |       2 |  11.1
        D:6 |     176 |     481 |  73.2 |       2 |      13 |  86.7
    Abyss:1 |     439 |       0 |   0.0 |       1 |       0 |   0.0
    Ossuary |       0 |     410 | 100.0 |       0 |      33 | 100.0
            +---------+---------+-------+---------+---------+-------
